AoeStats
← andres-4593

Arena

510200326Analyzed
1v1 RM · 1d ago on Sep 29, 2026· 48m 16s· 2 players
Game mode
Random Map
Map size
Tiny (2 player)
Population
200
Speed
Normal
Resources
Standard
Victory
Conquest
Starting age
Dark Age
Ending age
Imperial Age
RankedLock teamsTeams togetherTeam positionsShared explorationLock speedFull tech treeHidden civsTurbo modeCheats
Victory
Defeat
🇨🇴 Khmer · Colombia
334
+12
🇪🇨 Bohemians · Ecuador
255
-12
andres-4593
0:32 Loom
10:43 Feudal Age
11:19 Double-Bit Axe
11:24 Town Watch
12:13 Horse Collar
15:09 Wheelbarrow
20:34 Castle Age
18:56 Man-at-Arms
19:32 Stone Mining
19:34 Gold Mining
20:47 Forging
22:45 Hand Cart
24:06 Heavy Plow
25:33 Bow Saw
27:05 Scale Mail Armor
27:50 Padded Archer Armor
27:43 Fletching
27:59 Pikeman
28:02 Elite Skirmisher
30:07 Town Patrol
29:35 Man-at-Arms
31:26 Gold Shaft Mining
31:06 Arson
32:57 Stone Shaft Mining
31:53 Long Swordsman
33:27 Crossbowman
37:44 Imperial Age
36:06 Ballistics
37:49 Bodkin Arrow
38:09 Leather Archer Armor
38:10 Chain Mail Armor
38:31 Iron Casting
38:03 Two-Handed Swordsman
39:21 Crop Rotation
39:18 Bracer
40:08 Heated Shot
41:20 Chemistry
41:16 Ring Archer Armor
42:13 Conscription
42:06 Guard Tower
42:53 Double Crossbow
45:16 Heavy Scorpion
Lordkam20002
10:26 Loom
12:32 Feudal Age
13:57 Wheelbarrow
13:23 Horse Collar
13:47 Town Watch
15:00 Double-Bit Axe
21:11 Arson
23:50 Castle Age
25:44 Heavy Plow
25:38 Pikeman
26:19 Squires
30:57 Chemistry
30:55 Bow Saw
31:48 Fervor
32:21 Redemption
33:50 Ballistics
35:19 Hand Cart
35:38 Town Patrol
Connection lost

Rejoining the realm…

Still unreachable

The connection could not be restored.

Session expired

The server has moved on; the page needs a fresh start.